 Dungeon Crawl Stone Soup version 0.30.1-4-g462c640d31 (webtiles) character file.

Game seed: 17721235687579790183

366 monsoonserge the Ducker (level 6, -2/47 HPs)
             Began as a Merfolk Gladiator on Sept 16, 2023.
             Splashed by a jelly's acid (10 damage)
             ... on level 5 of the Dungeon.
             The game lasted 00:06:39 (2268 turns).

monsoonserge the Ducker (Merfolk Gladiator)         Turns: 2268, Time: 00:06:40

Health: -2/47      AC: -4    Str: 14    XL:     6   Next: 68%
Magic:  6/6        EV: 14    Int:  8    God:
Gold:   82         SH:  0    Dex: 17    Spells: 5/5 levels left

rFire   . . .        o - +1 short sword (elec)
rCold   + . .        (no shield)
rNeg    . . .        f - +1 leather armour {rC+}
rPois   .            k - +2 helmet
rElec   .            (no cloak)
rCorr   .            (no gloves)
SInv    .            (no boots)
Will    .....        (no amulet)
Stlth   ++           (no ring)
HPRegen 0.27/turn    (no ring)
MPRegen 0.10/turn

%: no passive effects
@: corroded
A: (nimble swimmer 2), mertail
a: no special abilities


You were on level 5 of the Dungeon.
You visited 1 branch of the dungeon, and saw 5 of its levels.

You collected 82 gold pieces.

Inventory:

Hand Weapons
 a - a +0 long sword
 h - a +1 short sword of flaming
 o - a +1 short sword of electrocution (weapon)
Missiles
 d - 3 throwing nets (quivered)
Armour
 f - a +1 leather armour of cold resistance (worn)
 k - a +2 helmet (worn)
Scrolls
 b - 4 scrolls of teleportation {unknown}
 c - a scroll of fear {unknown}
 l - a scroll of identify {unknown}
 m - 2 scrolls of enchant weapon {unknown}
Potions
 g - a potion of haste {unknown}
 i - a potion of heal wounds {unknown}
 j - 2 potions of mutation {unknown}
 n - a potion of resistance {unknown}
 p - 3 potions of flight {unknown}
 q - a potion of invisibility {unknown}
 r - 3 potions of brilliance {unknown}


   Skills:
 + Level 3.1 Fighting
 + Level 3.2(4.3) Short Blades
 - Level 4.3(4.9) Long Blades
 + Level 2.0 Throwing
 + Level 2.3 Armour
 + Level 5.2 Dodging
 + Level 3.0 Stealth


You had 5 spell levels left.
You didn't know any spells.
Your spell library contained the following spells:

 Spells                   Type           Power      Damage    Failure   Level
 Ensorcelled Hibernation  Hex/Ice        0%         N/A       63%         2
 Spider Form              Tmut/Pois      0%         N/A       85%         3
 Anguish                  Hex/Necr       0%         N/A       99%         4


Dungeon Overview and Level Annotations

Branches:
Dungeon (5/15)             Temple (0/1) D:5

Altars:

Annotations:
D:3 Sigmund
D:4 Eustachio


Innate Abilities, Weirdness & Mutations

((You are very nimble when in or above water. (Stealth+, EV+, Speed+++)))
Your lower body shifts to a powerful aquatic tail in water.


Message History

You hit the phantom.
The phantom is almost destroyed.
The phantom barely misses you.
You hit the phantom. Lightning courses through the phantom!
You destroy the phantom!
Your base Short Blades skill increases to level 3!
Your Stealth skill increases to level 3!
You now have 82 gold pieces (gained 6).
There are no items here.
A jelly comes into view.
You see here a +0 short sword.
Found a staircase to the Ecumenical Temple.
Found 13 gold pieces.
You see here a book of Dreams.
You pick up a book of Dreams and begin reading...
You add the spells Ensorcelled Hibernation, Spider Form and Anguish to your library.
The jelly quivers.
You hit the jelly. The acid corrodes you!
Your hands burn!
The jelly is moderately wounded.
You hit the jelly but do no damage. The acid corrodes you!
Your hands burn!
The jelly is moderately wounded.
The jelly hits you.
You are splashed with acid.
You hit the jelly.
Your hands burn!
The jelly is moderately wounded.
The jelly hits you. The acid corrodes you!
You are splashed with acid!
You hit the jelly but do no damage.
Your hands burn!
* * * LOW HITPOINT WARNING * * *
You punch the jelly, but do no damage.
The jelly is moderately wounded.
The jelly completely misses you.
Okay, then.
Throw: javelin
Press: ? - help, Q - select action, (/) - cycle Shift-Dir - straight line, f - jelly
Aim: a jelly (moderately wounded, 90% to hit)
You throw a javelin. The javelin pierces through the jelly.
The jelly is severely wounded.
The jelly hits you.
* * * LOW HITPOINT WARNING * * *
You are splashed with acid!
You die...

.. #.......# 8
... #(..>...#
$... #.......#
#...##.......#
#..#!..)...#
#......#..#
##.....#...#
##J..###....
#.@.........#
#....#.....#....
#..###..>..###..
.... #.....#
#... ........
##.. .###... #.
.. ..# ##


You could see a jelly.

Vanquished Creatures
  A phantom (D:5)
  Blork the orc (D:4)
  A bullfrog (D:3)
  A hound (D:3)
  An orc wizard (D:3)
  Robin (D:1)
  2 adders
  2 worms (D:2)
  A dart slug (D:2)
  2 orcs (D:3)
  2 ball pythons
  2 endoplasms
  3 giant cockroaches (D:1)
  14 goblins
  7 hobgoblins
  5 quokkas
  6 bats
  3 frilled lizards (D:1)
  9 kobolds
  5 rats
69 creatures vanquished.

Notes
Turn   | Place    | Note
-------+----------+-------------------------------------------
     0 | D:1      | monsoonserge the Merfolk Gladiator began the quest for the
                  | Orb.
     0 | D:1      | Reached XP level 1. HP: 16/16 MP: 1/1
   190 | D:1      | Reached XP level 2. HP: 22/22 MP: 2/2
   494 | D:1      | Reached XP level 3. HP: 28/28 MP: 3/3
  1064 | D:2      | Reached skill level 1 in Stealth
  1100 | D:2      | Noticed Robin
  1207 | D:2      | Reached XP level 4. HP: 34/34 MP: 4/4
  1246 | D:1      | Killed Robin
  1818 | D:3      | Reached skill level 1 in Short Blades
  1886 | D:3      | Reached skill level 1 in Armour
  1886 | D:3      | Reached XP level 5. HP: 34/39 MP: 5/5
  2091 | D:3      | Found a faded altar of an unknown god.
  2093 | D:3      | Noticed Sigmund
  2138 | D:4      | Noticed Blork the orc
  2144 | D:4      | Killed Blork the orc
  2145 | D:4      | Reached skill level 5 in Dodging
  2145 | D:4      | Reached XP level 6. HP: 47/47 MP: 6/6
  2199 | D:4      | Noticed Eustachio
  2227 | D:5      | Entered Level 5 of the Dungeon
  2259 | D:5      | Found a staircase to the Ecumenical Temple.
  2268 | D:5      | Splashed by a jelly's acid

Illustrated notes

Levels and vault maps discovered:
D:1:      lightli_arrival_statuegarden, layout_basic
D:2:      layout_loops_cross, uniq_robin
D:3:      layout_basic, shapermc_ecumenical_altar_starsandcircs, uniq_sigmund
D:4:      layout_basic, fedhas_ov_isle_minmay, uniq_grinder, uniq_blork_the_orc,
          uniq_eustachio
D:5:      wander_river, layout_rooms, slow_altar_2, minmay_temple_entry_tees,
          gammafunk_ghost_cemetery, gup_sewer_entry_spiral, serial_shops,
          nicolae_book_shop_shelving, nicolae_shop_waterfront,
          nicolae_shop_trees, roderic_roman_lattice

Skill      XL: |  1  2  3  4  5  6 |
---------------+-------------------+-----
Long Blades    | 4 |  4.3
Stealth        | 1 2 3 |  3.0
Short Blades   | 1 2 3 |  3.2
Armour         | 1 2 |  2.3
Fighting       | 3 |  3.1
Dodging        | 5 |  5.2
Throwing       | |  2.0

Action                     |  1- 3 |  4- 6 || total
---------------------------+-------+-------++-------
  Melee: Long sword        |    67 |       ||    67
         Short sword       |    44 |   123 ||   167
         Punch             |     1 |     2 ||     3
  Throw: Javelin           |       |     1 ||     1
   Stab: Sleeping          |     7 |     2 ||     9
 Armour: Leather armour    |    27 |    39 ||    66
  Dodge: Dodged            |    57 |    74 ||   131
